 Dungeon Crawl Stone Soup version 0.14.0-24-gfb45beb (webtiles) character file.

285 scatmanjohn2 the Ruinous (level 4, -2/24 HPs)
             Began as a Deep Elf Conjurer on Apr 21, 2014.
             Killed from afar by an orc wizard (8 damage)
             ... with a puff of flame
             ... on Level 4 of the Dungeon.
             The game lasted 00:11:39 (2904 turns).

scatmanjohn2 the Ruinous (Deep Elf Conjurer)        Turns: 2904, Time: 00:11:39

HP  -2/24        AC  2     Str  6      XL: 4   Next: 76%
MP  15/15        EV 13     Int 20      God:
Gold 164         SH  0     Dex 15      Spells:  2 memorised,  8 levels left

rFire  . . .     SeeInvis +     n - +2,+1 dagger (venom)
rCold  . . .     Clarity  .     a - +0 robe
rNeg   . . .     Conserve .     (no shield)
rPois  .         rCorr    .     (no helmet)
rElec  .         rRot     .     (no cloak)
SustAb . .       Spirit   .     (no gloves)
rMut   .         Warding  .     (no boots)
Saprov . . .     Stasis   .     (no amulet)
MR     .....                    (no ring)
                                p - ring of see invisible

@: not resistant to hostile enchantments, fairly stealthy
A: no striking features
a: no special abilities


You were on level 4 of the Dungeon.
You were hungry.

You visited 1 branch of the dungeon, and saw 4 of its levels.

You collected 164 gold pieces.

Inventory:

Hand weapons
 h - a +2,+2 dagger
 n - a +2,+1 dagger of venom (weapon)
Armour
 a - a +0 robe (worn)
 d - a +0 cloak
Magical devices
 v - a wand of hasting (5) {unknown}
Comestibles
 q - a bread ration
 r - 2 meat rations
 s - 3 apples
 w - a choko
Scrolls
 b - a scroll of remove curse {unknown}
 e - a scroll of immolation {unknown}
 f - 2 scrolls of random uselessness {unknown}
 l - a scroll of recharging {unknown}
 o - a scroll of noise {unknown}
 t - a scroll of magic mapping {unknown}
 u - a scroll of fear {unknown}
 y - a scroll of fog {unknown}
 A - 2 scrolls of identify
Jewellery
 p - a ring of see invisible (left hand)
Potions
 g - a potion of lignification {unknown}
 i - a potion of agility {unknown}
 j - 2 potions of might
 k - 2 potions of curing
 m - a potion of poison {unknown}
 x - a potion of magic {unknown}
 z - a potion of heal wounds {unknown}
Books
 c - a book of Conjurations

   Spells                             Type                      Level
   *Magic Dart                        Conjuration                  1
   *Searing Ray                       Conjuration                  2
   Dazzling Spray                     Conjuration/Hexes            3
   Fulminant Prism                    Conjuration/Hexes            4
   Iskenderun's Mystic Blast          Conjuration                  4
   Iskenderun's Battlesphere          Conjuration/Charms           5


   Skills:
 + Level 0.2 Fighting
 + Level 2.9 Dodging
 + Level 2.9 Stealth
 + Level 0.2 Unarmed Combat
 + Level 4.0 Spellcasting
 + Level 5.8 Conjurations


You had 8 spell levels left.
You knew the following spells:

 Your Spells              Type           Power        Failure   Level  Hunger
a - Magic Dart            Conj           ####         1%          1    None
b - Searing Ray           Conj           ####..       1%          2    #......


Dungeon Overview and Level Annotations

Branches:
Dungeon (4/15)
 Temple: D:4-7

Altars:
Ashenzari
Cheibriados


Message History

Ouch! That really hurt!
* * * LOW HITPOINT WARNING * * *
The ogre looks more healthy.
Drink which item? (? for menu, Esc to quit)
Okay, then.
Found an escape hatch in the ceiling.
Found a choko. 2 orcs come into view.
An orc comes into view. It is wielding a flail.
The orc shouts!
An orc wizard comes into view. It is wielding a dagger.
Drink which item? (? for menu, Esc to quit)
You feel better.
The ogre hits you with a giant spiked club.
* * * LOW HITPOINT WARNING * * *
The orc wizard shouts!
An orc comes into view. It is wielding a short sword.
The orc wizard points at you and mumbles some strange words.
The puff of flame hits you!
You die...

#..###.#.##.##.#
#.......o>#.##.###
#.......o.........
#..o.........o.%..
#..###)###........
#..###.###........
#O................
#.......###.#..###
#@......# #.#..#
#.......# #.#..#
#.......###.#..###
#.................
#..########.#..##.
#..###...##.#...#
#...............#
##.###...##.#...#
####.###...##.#...#.


You could see an ogre and an orc wizard.

Vanquished Creatures
  A worker ant (D:4)
  2 adders
  A giant mite (D:2)
  A giant eyeball (D:4)
  An orc skeleton (D:4)
  A giant gecko (D:2)
  3 oozes
  An orc (D:4)
  9 bats
  4 goblins
  5 hobgoblins (D:1)
  2 jackals (D:1)
  8 kobolds
  3 quokkas (D:2)
  3 ball pythons
  3 giant cockroaches
  4 giant newts
  A hobgoblin skeleton (D:4)
  10 rats
63 creatures vanquished.

Notes
Turn   | Place    | Note
--------------------------------------------------------------
     0 | D:1      | scatmanjohn2, the Deep Elf Conjurer, began the quest for the Orb.
     0 | D:1      | Reached XP level 1. HP: 10/10 MP: 5/5
   444 | D:1      | Reached XP level 2. HP: 15/15 MP: 4/8
   493 | D:1      | Reached skill level 5 in Conjurations
   873 | D:1      | Reached XP level 3. HP: 12/19 MP: 1/11
  1249 | D:2      | Learned a level 2 spell: Searing Ray
  2333 | D:3      | Found a shattered altar of Ashenzari.
  2333 | D:3      | Found a snail-covered altar of Cheibriados.
  2348 | D:3      | Reached XP level 4. HP: 24/24 MP: 12/14
  2589 | D:4      | Paralysed by a giant eyeball for 3 turns
  2821 | D:4      | Noticed an ogre
  2836 | D:4      | HP: 1/24 [ogre/giant spiked club (23)]
  2904 | D:4      | Killed from afar by an orc wizard

Action                   |  1- 3 |  4- 6 || total
-------------------------+-------+-------++-------
Melee: Unarmed           |    13 |       ||    13
       Dagger            |    11 |     2 ||    13
 Cast: Magic Dart        |    87 |    26 ||   113
       Searing Ray       |     1 |     1 ||     2
  Use: Scroll            |       |     3 ||     3
       Potion            |       |     1 ||     1
